3L
FT. WORTH CATTLEMEN @ ROCKY MOUNTAIN NUGGETS
05/29/2033
 
TOP OF THE 1ST
Ft. Worth Cattlemen batting - Pitching for Rocky Mountain Nuggets : RHP Kyuichi Hori
Pitching: RHP Kyuichi Hori
Batting: LHB Jesús Morales 0-0: SINGLE (Line Drive, 56D)
Batting: RHB Rich Flannery 0-0: Called Strike
0-1: Ball
1-1: SINGLE (Line Drive, 89S)
Jesús Morales to second
Batting: RHB Gilberto Juárez 0-0: Ball
1-0: Ball
2-0: Foul Ball, location: 2F
2-1: Ball
3-1: TRIPLE (Flyball, 8RXD)
Jesús Morales scores
Rich Flannery scores
Batting: LHB Rick Mayfield 0-0: Called Strike
0-1: Ball
1-1: Ball
2-1: Fly out, F9 (Flyball, 9S)
Runner from 3rd tags up, SCORES, throw made
Batting: RHB Otis Brewer 0-0: Ball
1-0: Swinging Strike
1-1: Swinging Strike
1-2: Strikes out swinging
Batting: LHB Chris Etheridge 0-0: Foul Ball, location: 2F
0-1: Called Strike
0-2: Ball
1-2: Ball
2-2: Strikes out swinging
Top of the 1st over - 3 runs, 3 hits, 0 errors, 0 left on base; Ft. Worth 3 - Rocky Mountain 0
BOTTOM OF THE 1ST
Rocky Mountain Nuggets batting - Pitching for Ft. Worth Cattlemen : RHP Robbie Betchley
Pitching: RHP Robbie Betchley
Batting: RHB Mike Case 0-0: Bunt for hit - play at first, batter OUT! 1-3
Batting: RHB Wrangler Haresnape 0-0: Ground out 4-3 (Groundball, 4)
Batting: RHB Gabriel Maldonado 0-0: Called Strike
0-1: Ball
1-1: Swinging Strike
1-2: Strikes out swinging
Bottom of the 1st over - 0 runs, 0 hits, 0 errors, 0 left on base; Ft. Worth 3 - Rocky Mountain 0
TOP OF THE 2ND
Ft. Worth Cattlemen batting - Pitching for Rocky Mountain Nuggets : RHP Kyuichi Hori
Batting: RHB Armando Chamú 0-0: Foul Ball, location: 2F
0-1: Ball
1-1: Foul Ball, location: 2F
1-2: Ball
2-2: SINGLE (Line Drive, 7S)
Batting: SHB Robby Day 0-0: Foul Ball, location: 2F
0-1: Ball
1-1: Ball
2-1: Called Strike
2-2: Foul Ball, location: 2F
2-2: Fly out, F7 (Flyball, 7LM)
Batting: RHB Vincent Vega 0-0: Foul Ball, location: 2F
0-1: Ball
1-1: Swinging Strike
1-2: Ball
2-2: Hit by Pitch
Armando Chamú to second
Batting: LHB Jesús Morales 0-0: Swinging Strike
0-1: Ball
1-1: Foul Ball, location: 2F
1-2: SINGLE (Line Drive, 9S)
Armando Chamú to third
Vincent Vega to second
Batting: RHB Rich Flannery 0-0: Ball
1-0: Called Strike
1-1: Ball
2-1: Ball
3-1: Base on Balls
Armando Chamú scores
Vincent Vega to third
Jesús Morales to second
Batting: RHB Gilberto Juárez 0-0: Ball
1-0: Called Strike
1-1: Swinging Strike
1-2: Foul Ball, location: 2F
1-2: Ball
2-2: Strikes out swinging
Batting: LHB Rick Mayfield 0-0: Ball
1-0: Ball
2-0: Called Strike
2-1: Swinging Strike
2-2: Strikes out looking
Top of the 2nd over - 1 run, 2 hits, 0 errors, 3 left on base; Ft. Worth 4 - Rocky Mountain 0
BOTTOM OF THE 2ND
Rocky Mountain Nuggets batting - Pitching for Ft. Worth Cattlemen : RHP Robbie Betchley
Batting: LHB Bartolo Benítez 0-0: Ball
1-0: Called Strike
1-1: Called Strike
1-2: Foul Ball, location: 2F
1-2: Strikes out swinging
Batting: RHB Fernando Rivera 0-0: Foul Ball, location: 2F
0-1: Swinging Strike
0-2: Ball
1-2: Strikes out swinging
Batting: LHB Willis Baker 0-0: Ball
1-0: Ball
2-0: Ball
3-0: Called Strike
3-1: Base on Balls
Batting: RHB Luis Ríos 0-0: Ball
1-0: Called Strike
1-1: Ball
2-1: Ball
3-1: Called Strike
3-2: Base on Balls
Willis Baker to second
Batting: RHB Vincent Crane 0-0: SINGLE (Line Drive, 7)
Willis Baker to third
Luis Ríos to second
Batting: RHB Jesús Ruano 0-0: Called Strike
0-1: Swinging Strike
0-2: Ball
1-2: Ball
2-2: Fly out, F9 (Line Drive, 89S)
Bottom of the 2nd over - 0 runs, 1 hit, 0 errors, 3 left on base; Ft. Worth 4 - Rocky Mountain 0
TOP OF THE 3RD
Ft. Worth Cattlemen batting - Pitching for Rocky Mountain Nuggets : RHP Kyuichi Hori
Batting: RHB Otis Brewer 0-0: Swinging Strike
0-1: Ball
1-1: Ball
2-1: Swinging Strike
2-2: Strikes out looking
Batting: LHB Chris Etheridge 0-0: Called Strike
0-1: Ball
1-1: Foul Ball, location: 2F
1-2: Ground out U3 (Groundball, 3)
Batting: RHB Armando Chamú 0-0: Swinging Strike
0-1: Ball
1-1: Called Strike
1-2: Ball
2-2: Foul Ball, location: 2F
2-2: SOLO HOME RUN (Flyball, 78XD), Distance : 435 ft
Batting: SHB Robby Day 0-0: Foul Ball, location: 2F
0-1: Ball
1-1: Ground out 5-3 (Groundball, 56)
Top of the 3rd over - 1 run, 1 hit, 0 errors, 0 left on base; Ft. Worth 5 - Rocky Mountain 0
BOTTOM OF THE 3RD
Rocky Mountain Nuggets batting - Pitching for Ft. Worth Cattlemen : RHP Robbie Betchley
Batting: RHB Mike Case 0-0: Ball
1-0: Called Strike
1-1: Swinging Strike
1-2: Strikes out swinging
Batting: RHB Wrangler Haresnape 0-0: Ball
1-0: Ball
2-0: Called Strike
2-1: SINGLE (Flyball, 78M)
Batting: RHB Gabriel Maldonado 0-0: Called Strike
0-1: Ball
1-1: Fly out, F7 (Flyball, 78S)
Batting: LHB Bartolo Benítez 0-0: Called Strike
0-1: Ball
1-1: Swinging Strike
1-2: Fielders Choice at 2nd, 5-4 (Groundball, 5)
Bottom of the 3rd over - 0 runs, 1 hit, 0 errors, 1 left on base; Ft. Worth 5 - Rocky Mountain 0
TOP OF THE 4TH
Ft. Worth Cattlemen batting - Pitching for Rocky Mountain Nuggets : RHP Kyuichi Hori
Batting: RHB Vincent Vega 0-0: Ball
1-0: TRIPLE (Line Drive, 89XD)
Batting: LHB Jesús Morales 0-0: Ground out 4-3 (Groundball, 4M)
Vincent Vega scores
Batting: RHB Rich Flannery 0-0: Called Strike
0-1: Foul Ball, location: 2F
0-2: Strikes out swinging
Batting: RHB Gilberto Juárez 0-0: Ball
1-0: SINGLE (Groundball, 6D)
Batting: LHB Rick Mayfield 0-0: Called Strike
0-1: Swinging Strike
0-2: Ball
1-2: Foul Ball, location: 2F
1-2: Ball
2-2: Foul Ball, location: 2F
2-2: 2-RUN HOME RUN (Flyball, 89XD), Distance : 425 ft
Batting: RHB Otis Brewer 0-0: Foul Ball, location: 2F
0-1: Ball
1-1: Ball
2-1: Ball
3-1: Base on Balls
Batting: LHB Chris Etheridge 0-0: Called Strike
0-1: Foul Ball, location: 2F
0-2: Foul Ball, location: 2F
0-2: Strikes out swinging
Top of the 4th over - 3 runs, 3 hits, 0 errors, 1 left on base; Ft. Worth 8 - Rocky Mountain 0
BOTTOM OF THE 4TH
Rocky Mountain Nuggets batting - Pitching for Ft. Worth Cattlemen : RHP Robbie Betchley
Batting: RHB Fernando Rivera 0-0: Ball
1-0: Foul Ball, location: 2F
1-1: Foul Ball, location: 2F
1-2: Foul Ball, location: 2F
1-2: Strikes out swinging
Batting: LHB Willis Baker 0-0: Ball
1-0: Called Strike
1-1: Fly out, F8 (Flyball, 8LXD)
Batting: RHB Luis Ríos 0-0: Ground out 3-1 (Groundball, 34)
Bottom of the 4th over - 0 runs, 0 hits, 0 errors, 0 left on base; Ft. Worth 8 - Rocky Mountain 0
TOP OF THE 5TH
Ft. Worth Cattlemen batting - Pitching for Rocky Mountain Nuggets : RHP Kyuichi Hori
Pitching: RHP Elton Mobley
Batting: RHB Armando Chamú 0-0: Ground out 6-3 (Groundball, 6M)
Batting: SHB Robby Day 0-0: Ball
1-0: Called Strike
1-1: Ground out U3 (Groundball, 34)
Batting: RHB Vincent Vega 0-0: Ball
1-0: Ball
2-0: SINGLE (Line Drive, 89M)
Batting: LHB Jesús Morales 0-0: Called Strike
0-1: Ball
1-1: SINGLE (Line Drive, 89M)
Vincent Vega to second
Runner from 2nd tries for 3rd, SAFE, throw made to third
Batting: RHB Rich Flannery 0-0: Foul Ball, location: 2F
0-1: Swinging Strike
0-2: Ball
1-2: SINGLE (Flyball, 9LS)
Vincent Vega scores
Jesús Morales to second
Runner from 2nd tries for 3rd, SAFE, no throw
Batting: RHB Gilberto Juárez 0-0: Ball
1-0: Ball
2-0: Called Strike
2-1: Foul Ball, location: 2F
2-2: Ball
3-2: Foul Ball, location: 2F
3-2: SINGLE (Flyball, 8LS)
Jesús Morales scores
Rich Flannery to second
Rich Flannery to third
Batting: LHB Rick Mayfield 0-0: 3-RUN HOME RUN (Flyball, 9LD), Distance : 345 ft
Batting: RHB Otis Brewer 0-0: Ball
1-0: Fly out, F7 (Flyball, 7)
Top of the 5th over - 5 runs, 5 hits, 0 errors, 0 left on base; Ft. Worth 13 - Rocky Mountain 0
BOTTOM OF THE 5TH
Rocky Mountain Nuggets batting - Pitching for Ft. Worth Cattlemen : RHP Robbie Betchley
Batting: RHB Vincent Crane 0-0: Called Strike
0-1: Foul Ball, location: 2F
0-2: Ground out U3 (Groundball, 34)
Batting: RHB Jesús Ruano 0-0: Called Strike
0-1: Ball
1-1: Ground out 5-3 (Groundball, 56)
Batting: RHB Mike Case 0-0: Ball
1-0: Ball
2-0: Called Strike
2-1: Called Strike
2-2: Foul Ball, location: 2F
2-2: Foul Ball, location: 2F
2-2: Ball
3-2: Ground out 1-3 (Groundball, 13)
Bottom of the 5th over - 0 runs, 0 hits, 0 errors, 0 left on base; Ft. Worth 13 - Rocky Mountain 0
TOP OF THE 6TH
Ft. Worth Cattlemen batting - Pitching for Rocky Mountain Nuggets : RHP Elton Mobley
Batting: LHB Chris Etheridge 0-0: Foul Ball, location: 2F
0-1: Swinging Strike
0-2: Foul Ball, location: 2F
0-2: Fly out, F7 (Flyball, 7S)
Batting: RHB Armando Chamú 0-0: Ball
1-0: Ground out 5-3 (Groundball, 56S)
Batting: SHB Robby Day 0-0: Called Strike
0-1: Foul Ball, location: 2F
0-2: DOUBLE (Line Drive, 89D)
Batting: RHB Vincent Vega 0-0: Called Strike
0-1: Ball
1-1: Called Strike
1-2: Ball
2-2: Ball
3-2: SINGLE (Groundball, 34D)
Robby Day to third
Robby Day scores
Batting: LHB Jesús Morales 0-0: Called Strike
0-1: Fly out, F7 (Flyball, 7D)
Top of the 6th over - 1 run, 2 hits, 0 errors, 1 left on base; Ft. Worth 14 - Rocky Mountain 0
BOTTOM OF THE 6TH
Rocky Mountain Nuggets batting - Pitching for Ft. Worth Cattlemen : RHP Robbie Betchley
Batting: RHB Wrangler Haresnape 0-0: Called Strike
0-1: Fly out, F7 (Flyball, 7)
Batting: RHB Gabriel Maldonado 0-0: Ball
1-0: Swinging Strike
1-1: Foul Ball, location: 2F
1-2: Foul Ball, location: 2F
1-2: Strikes out looking
Batting: LHB Bartolo Benítez 0-0: Foul Ball, location: 2F
0-1: Called Strike
0-2: Foul Ball, location: 2F
0-2: Foul Ball, location: 2F
0-2: Ground out 6-3 (Groundball, 6S)
Bottom of the 6th over - 0 runs, 0 hits, 0 errors, 0 left on base; Ft. Worth 14 - Rocky Mountain 0
TOP OF THE 7TH
Ft. Worth Cattlemen batting - Pitching for Rocky Mountain Nuggets : RHP Elton Mobley
Batting: RHB Rich Flannery 0-0: Ball
1-0: Ball
2-0: Foul Ball, location: 2F
2-1: Called Strike
2-2: Foul Ball, location: 2F
2-2: Foul Ball, location: 2F
2-2: Ball
3-2: Ground out 1-3 (Groundball, 13S)
Batting: RHB Gilberto Juárez 0-0: Called Strike
0-1: Ball
1-1: Ball
2-1: SOLO HOME RUN (Flyball, 7LD), Distance : 370 ft
Pitching: RHP Jamel Rhoads
Batting: LHB Rick Mayfield 0-0: Ball
1-0: Ball
2-0: Ball
3-0: Base on Balls
Batting: RHB Otis Brewer 0-0: Called Strike
0-1: Ball
1-1: Ball
2-1: Swinging Strike
2-2: Fly out, F7 (Flyball, 7S)
Batting: LHB Chris Etheridge 0-0: Ball
1-0: Ball
2-0: Ball
3-0: SINGLE (Groundball, 34) (infield hit)
Rick Mayfield to second
Batting: RHB Armando Chamú 0-0: Foul Ball, location: 2F
0-1: Swinging Strike
0-2: 3-RUN HOME RUN (Flyball, 7LD), Distance : 356 ft
Batting: SHB Robby Day 0-0: Ball
1-0: Ball
2-0: Called Strike
2-1: Foul Ball, location: 2F
2-2: Foul Ball, location: 2F
2-2: Foul Ball, location: 2F
2-2: Ball
3-2: Fly out, F7 (Flyball, 7)
Top of the 7th over - 4 runs, 3 hits, 0 errors, 0 left on base; Ft. Worth 18 - Rocky Mountain 0
BOTTOM OF THE 7TH
Rocky Mountain Nuggets batting - Pitching for Ft. Worth Cattlemen : RHP Robbie Betchley
Batting: RHB Fernando Rivera 0-0: Swinging Strike
0-1: Ground out 4-3 (Groundball, 4)
Batting: LHB Willis Baker 0-0: Swinging Strike
0-1: Ball
1-1: Ball
2-1: Ground out 5-3 (Groundball, 5S)
Batting: RHB Luis Ríos 0-0: Ball
1-0: Swinging Strike
1-1: SINGLE (Groundball, 34D)
Batting: RHB Vincent Crane 0-0: Ball
1-0: Called Strike
1-1: Foul Ball, location: 2F
1-2: Fly out, F9 (Flyball, 9)
Bottom of the 7th over - 0 runs, 1 hit, 0 errors, 1 left on base; Ft. Worth 18 - Rocky Mountain 0
TOP OF THE 8TH
Ft. Worth Cattlemen batting - Pitching for Rocky Mountain Nuggets : RHP Jamel Rhoads
Batting: RHB Vincent Vega 0-0: Ball
1-0: Ball
2-0: Fly out, F7 (Flyball, 7)
Batting: LHB Jesús Morales 0-0: Ground out 4-3 (Groundball, 4)
Batting: RHB Rich Flannery 0-0: Ground out 5-3 (Groundball, 56S)
Top of the 8th over - 0 runs, 0 hits, 0 errors, 0 left on base; Ft. Worth 18 - Rocky Mountain 0
BOTTOM OF THE 8TH
Rocky Mountain Nuggets batting - Pitching for Ft. Worth Cattlemen : RHP Robbie Betchley
Batting: RHB Jesús Ruano 0-0: Ball
1-0: SINGLE (Line Drive, 8LS)
Batting: RHB Mike Case 0-0: Called Strike
0-1: Ground out 3-1 (Groundball, 34S)
Jesús Ruano to second
Batting: RHB Wrangler Haresnape 0-0: DOUBLE (Flyball, 8LXD)
Jesús Ruano scores
Pitching: RHP Briggs Bourgeois
Batting: RHB Gabriel Maldonado 0-0: Foul Ball, location: 2F
0-1: Foul Ball, location: 2F
0-2: Ball
1-2: Strikes out swinging
Batting: LHB Bartolo Benítez 0-0: Fly out, F2 (Popup, 2L)
Bottom of the 8th over - 1 run, 2 hits, 0 errors, 1 left on base; Ft. Worth 18 - Rocky Mountain 1
TOP OF THE 9TH
Ft. Worth Cattlemen batting - Pitching for Rocky Mountain Nuggets : RHP Jamel Rhoads
Batting: RHB Gilberto Juárez 0-0: Ball
1-0: Ball
2-0: Called Strike
2-1: Called Strike
2-2: Ball
3-2: Foul Ball, location: 2F
3-2: Base on Balls
Batting: LHB Rick Mayfield 0-0: Ball
1-0: Called Strike
1-1: Ball
2-1: Ball
3-1: Foul Ball, location: 2F
3-2: Fly out, F5 (Popup, 56)
Batting: RHB Otis Brewer 0-0: Ball
1-0: Called Strike
1-1: DOUBLE (Groundball, 5L)
Gilberto Juárez to third
Batting: LHB Chris Etheridge 0-0: Ball
1-0: Ground out 4-3 (Groundball, 34D)
Gilberto Juárez scores
Otis Brewer to third
Batting: RHB Armando Chamú 0-0: Foul Ball, location: 2F
0-1: Foul Ball, location: 2F
0-2: Ball
1-2: Ball
2-2: Foul Ball, location: 2F
2-2: Strikes out looking
Top of the 9th over - 1 run, 1 hit, 0 errors, 1 left on base; Ft. Worth 19 - Rocky Mountain 1
BOTTOM OF THE 9TH
Rocky Mountain Nuggets batting - Pitching for Ft. Worth Cattlemen : RHP Briggs Bourgeois
Batting: RHB Fernando Rivera 0-0: Ball
1-0: Swinging Strike
1-1: Swinging Strike
1-2: Strikes out swinging
Batting: LHB Willis Baker 0-0: Swinging Strike
0-1: Called Strike
0-2: Foul Ball, location: 2F
0-2: Ball
1-2: Ball
2-2: Ball
3-2: Foul Ball, location: 2F
3-2: Foul Ball, location: 2F
3-2: Ground out 5-3 (Groundball, 25)
Batting: RHB Luis Ríos 0-0: Called Strike
0-1: Called Strike
0-2: Foul Ball, location: 2F
0-2: Ball
1-2: SINGLE (Groundball, 3L) (infield hit)
Batting: RHB Vincent Crane 0-0: Ball
1-0: Called Strike
1-1: Fielders Choice at 2nd, 6-4 (Groundball, 6)
Bottom of the 9th over - 0 runs, 1 hit, 0 errors, 1 left on base; Ft. Worth 19 - Rocky Mountain 1
Saturday, December 22nd, 2018 - OOTP Baseball 18.8 Build 76